[Event "Silves Open 2025"]
[Site "Fissul"]
[Date "2025.03.07"]
[Round "9.5"]
[White "Espinosa Aranda, Angel"]
[Black "Monteiro, Paulo Alexandre G"]
[Result "1-0"]
[Annotator "TA"]
[ECO "B08"]
[WhiteElo "2442"]
[BlackElo "2221"]
[PlyCount "97"]
[EventDate "2025.03.03"]
[EventType "swiss"]
[EventCountry "POR"]
[SourceTitle "playchess.com"]
[Source "ChessBase"]
[SourceQuality "1"]
[TimeControl "5400+30"]

1. Nf3 c5 2. e4 d6 3. Nc3 Nf6 4. d4 cxd4 5. Qxd4 Nc6 6. Qd3 g6 7. Be2 {[%emt 0:00:19] 7.Nd5 is more fashionable.} Bg7 8. O-O O-O {[%emt 0:01:34] B08: Pirc Defence: Classical System.} 9. Nd5 Bg4 10. c3 Bxf3 {[%emt 0:08:52] The position is equal.} 11. Qxf3 Ne5 12. Qe3 Nxd5 13. exd5 Qc7 14. b3 $146 (14. a4 Bf6 15. Qe4 Rac8 16. Qb4 b6 17. a5 bxa5 18. Qxa5 Qxa5 19. Rxa5 Rc7 20. Be3 {1-0 Skvortsov,A (2307)-Kiladze,L (2089) Titled Tuesday intern op 18th Jul Early blitz 2023 (1)}) 14... a6 15. a4 Rfe8 16. Bd2 e6 17. dxe6 Rxe6 18. Qh3 d5 19. Rfe1 Qb6 20. Rab1 Rae8 21. Be3 Qc7 22. Rbc1 Nd7 23. Bf3 Nf6 24. Red1 Ne4 25. Bxe4 dxe4 26. Rd5 f5 (26... Bxc3 $2 27. Rc5 Rc6 28. R1xc3 $18) 27. g3 Be5 28. c4 Rd6 29. Qf1 Rxd5 30. cxd5 Qf7 31. Qc4 Rd8 32. Rd1 Kg7 33. Qc5 Qc7 34. b4 Bd6 35. Qd4+ Kf7 36. Bg5 Re8 37. a5 Qd7 38. Rc1 Kg8 39. Bf4 Bxf4 40. gxf4 $11 {[%emt 0:00:03][%mdl 4096] Endgame d6 would now be deadly. KQR-KQR} Qd6 41. Qd2 ({White should try} 41. Rc5 $1 $14) 41... Rd8 42. Rc5 Qf6 $2 {[%emt 0:01:04][%mdl 8192] [#]} (42... Rd7 $11) 43. Rc7 $1 $18 h6 44. Rxb7 g5 45. Rb6 Qg7 46. fxg5 (46. Rxa6 $2 {too greedy.} gxf4+ 47. Kf1 f3 $19) 46... hxg5 47. d6 ({Don't do} 47. Rxa6 f4) (47. Qe2 $142) 47... Qa1+ (47... Kh8 $142 48. Qe3 (48. Rxa6 Qa1+ 49. Kg2 f4 $18) 48... f4 49. Qxe4 Rf8) 48. Kg2 Qe5 49. Qxg5+ {[%emt 0:00:08] Weighted Error Value: White=0.06 (flawless) /Black=0.30  Loses game:     	---       	Black=1      Mistake:       	White=2     	Black=1      Inaccurate:     	White=2     	Black=4      OK:         	White=18    	Black=11     Best:        	White=1     	Black=3      Strong:       	White=1     	---} 1-0

[Event "Silves Open 2025"]
[Site "Fissul"]
[Date "2025.03.07"]
[Round "9.6"]
[White "Dias, Ivo Rodrigues"]
[Black "Martins, Bruno Andre Leite"]
[Result "0-1"]
[Annotator "TA"]
[ECO "A45"]
[WhiteElo "2097"]
[BlackElo "2360"]
[PlyCount "60"]
[EventDate "2025.03.03"]
[EventType "swiss"]
[EventCountry "POR"]
[SourceTitle "playchess.com"]
[Source "ChessBase"]
[SourceQuality "1"]
[TimeControl "5400+30"]

1. d4 Nf6 2. Bf4 g6 3. Nc3 d5 4. e3 Bg7 5. h4 h5 6. Nf3 {[%emt 0:02:24] A45: Trompowsky Attack.} (6. Nb5 $5 Na6 $8 7. Nc3 $11) 6... O-O 7. Qd2 Bf5 8. Ne5 {[%emt 0:03:13] The position is equal.} c5 9. f3 cxd4 10. exd4 Nc6 11. Nxc6 bxc6 12. Na4 (12. O-O-O $11) 12... Nd7 $15 13. Ba6 $146 (13. Be2 e5 14. dxe5 Nxe5 15. Nc5 Qb6 16. Nb3 Nc4 17. Bxc4 dxc4 18. Be3 Rfe8 19. Kf2 {0-1 Lizak,P (2400)-Paravyan,D (2589) Titled Tuesday intern op 18th Oct Late blitz 2022 (6)}) 13... e5 14. dxe5 Nxe5 15. O-O-O ({White should play} 15. Kf2 $15) 15... Re8 16. Be3 {[%emt 0:22:23] [#]} (16. Rde1 $17 {is a better defense.}) 16... d4 17. Bf2 (17. Bxd4 $17 Nd3+ 18. cxd3 (18. Bxd3 $2 Qxd4 19. Bxf5 Qxa4 $17) 18... Qxd4 19. Bc4) 17... Qd5 18. Kb1 {[%emt 0:03:49] [#]} d3 19. cxd3 Nc4 (19... Red8 $19 20. Nc5 Rdb8) 20. Bxc4 $17 Qxc4 {[%emt 0:00:06] Black attacks} 21. Qc2 {[%emt 0:02:33] [#]} Qb5 {[%emt 0:07:20] Black has more active pieces.} ({Black should play} 21... Qf4 $1 $17 {[%cal Oc6c5] aiming for ...c5!.} 22. Rhe1 Rf8) 22. Nc3 Qa6 $36 {[%emt 0:01:30][%mdl 3072] Black has strong compensation. Black is pushing.} 23. Ne4 {[%emt 0:00:19] [#]} (23. Rhe1 $15) 23... Rab8 (23... Be6 $1 $17 24. a4 Reb8) 24. b3 $15 c5 25. Rhe1 (25. Bxc5 $11 Rbc8 26. d4 (26. Nd6 $2 Rxc5 27. Nc4 Rxc4 $19)) 25... Rec8 $17 26. Qc4 $2 (26. Bg3 $17 {is a better chance.} Rb7 (26... Rb6 27. Bh2 $17) 27. Re2 (27. Nxc5 $2 {loses.} Rxc5 28. Rd2 Rxc2 $19) (27. Nd6 $2 c4 $19)) 26... Qa3 $19 27. Re2 {[%emt 0:00:53] Wards off Qb2+} (27. Rd2 $142 Be6 (27... Qa5 28. Kc1 $17) 28. Qc1) 27... Be6 {[%emt 0:00:17] A strong pair of Bishops.} 28. Qc1 {[%emt 0:00:38] [#]} Rxb3+ $1 {[%emt 0:00:34][%mdl 512] Black mates.} 29. axb3 Qa1+ 30. Kc2 Qa2+ {[%emt 0:00:05] Weighted Error Value: White=0.82/Black=0.23 (precise)   Loses game:     	White=1     	---        Mistake:       	White=7     	Black=4      Inaccurate:     	White=3     	---        OK:         	White=5     	Black=6      Best:        	White=1     	Black=3} 0-1

[Event "Silves Open 2025"]
[Site "Fissul"]
[Date "2025.03.07"]
[Round "9.8"]
[White "Van Ree, Thailo"]
[Black "Serarols Mabras, Bernat"]
[Result "0-1"]
[Annotator "TA"]
[ECO "E36"]
[WhiteElo "1881"]
[BlackElo "2311"]
[PlyCount "50"]
[EventDate "2025.03.03"]
[EventType "swiss"]
[EventCountry "POR"]
[SourceTitle "playchess.com"]
[Source "ChessBase"]
[SourceQuality "1"]
[TimeControl "5400+30"]

1. d4 Nf6 2. c4 e6 3. Nc3 Bb4 4. Qc2 d5 5. a3 Bxc3+ 6. Qxc3 dxc4 7. Qxc4 O-O 8. Nf3 b6 9. Bg5 {[%emt 0:01:40][%cal Bc1g5,Bg5h4,Bh4g3,Bg3d6][%mdl 32] Black is weak on the dark squares. E36: Nimzo-Indian: Classical: 4...d5 5 a3.} Ba6 10. Qc2 Nbd7 11. Rd1 {[%emt 0:01:24] The position is equal.} h6 12. Bh4 Qc8 13. g4 Nxg4 $146 (13... c5 14. g5 hxg5 15. Bxg5 Bb7 16. dxc5 Be4 17. Qc1 Qxc5 18. Qxc5 bxc5 19. Rg1 Bxf3 20. exf3 Rfb8 21. Bc1 {½-½ Rodriguez Rey,J (2269)-Del Vasto,C (2316) Champion's League 2021/C5 email}) 14. Rg1 {[%emt 0:00:31] White sacrificed a pawn} f5 15. h3 (15. d5 $11 Nc5 16. h3) 15... Ngf6 $15 16. Qc1 Kh8 (16... Kh7 {looks sharper.} 17. Qc6 Re8 18. Rc1 Nd5) 17. Bg3 c5 18. Bd6 Rf7 19. Ne5 (19. dxc5 $11 bxc5 (19... Nxc5 20. Ne5 $11) 20. Qe3) 19... Nxe5 $17 20. Bxe5 cxd4 21. Qf4 {[%emt 0:00:45] [#]} d3 $1 22. exd3 Qd7 (22... Qd8 $17 23. Qg3 Rc8) 23. Be2 (23. Rc1 $1 $15 Rc8 (23... Bxd3 $2 {perishes.} 24. Rd1 $18) 24. Rxc8+ Qxc8 (24... Bxc8 25. Qg3 $15) 25. Kd1) 23... Kh7 24. Bh5 $2 Nxh5 $19 25. Qf3 Qd5 {[%emt 0:01:25] Weighted Error Value: White=0.49/Black=0.18 (very precise)   Loses game:     	White=1     	---        Mistake:       	White=3     	Black=1      Inaccurate:     	White=1     	Black=3      OK:         	White=3     	Black=3      Best:        	White=1     	Black=5} 0-1

[Event "Silves Open 2025"]
[Site "Fissul"]
[Date "2025.03.07"]
[Round "9.10"]
[White "Khamrakulov, Ibragim S."]
[Black "Goncalves, Diogo Figueiredo"]
[Result "1-0"]
[Annotator "TA"]
[ECO "B10"]
[WhiteElo "2384"]
[BlackElo "1985"]
[PlyCount "125"]
[EventDate "2025.03.03"]
[EventType "swiss"]
[EventCountry "POR"]
[SourceTitle "playchess.com"]
[Source "ChessBase"]
[SourceQuality "1"]
[TimeControl "5400+30"]

1. e4 c6 2. c4 d5 3. exd5 cxd5 4. cxd5 Nf6 5. Nc3 Nxd5 6. Bc4 Nb6 {[%emt 0:03:04] 6...e6 is more fashionable.} 7. Bb3 Nc6 8. Nf3 Bf5 {[%emt 0:31:33] B10: Caro-Kann: 2 d3 and 2 c4.} 9. d4 e6 10. a4 $146 (10. O-O Be7 11. a4 Na5 12. Ba2 O-O 13. Qe2 Nc6 14. Bb3 Na5 15. Ba2 Nc6 16. Bb3 Nxd4 17. Nxd4 Qxd4 18. a5 Nc8 {½-½ Loeschnauer,R (2437)-Jacot,L (2491) EU-chT11 fin email 2021}) 10... Bb4 {[%emt 0:07:30] Black has an edge.} 11. Bg5 Qd7 12. O-O O-O 13. h3 h6 14. Be3 Rac8 15. d5 Nxd5 16. Nxd5 exd5 17. Qxd5 Qxd5 18. Bxd5 a5 19. Rac1 $2 ({White should play} 19. Rfd1 $11) 19... Rfd8 $2 (19... Bd3 $1 $17 20. Rfd1 Be2) 20. Rfd1 $11 Re8 21. Bb6 Be4 22. Bxe4 Rxe4 23. Nd4 Rce8 (23... Ne7 $11) 24. Nxc6 $14 bxc6 25. Rxc6 Re1+ 26. Rxe1 Rxe1+ {[%emt 0:00:02][%mdl 4096] Endgame KRB-KRB. White is a pawn up.} 27. Kh2 Ra1 28. b3 Ra3 29. Rc8+ Kh7 30. Ra8 Rxb3 {[%emt 0:00:11] aiming for ...Bd6+.} 31. Bxa5 Bxa5 (31... Bc5 $1 $14) 32. Rxa5 {[%emt 0:00:16] KR-KR. White is a pawn up.} Ra3 33. h4 g6 34. g4 Kg7 35. Kg2 (35. g5 $18) 35... Kf6 $16 36. Ra7 Kg7 (36... Rc3 $16) 37. a5 (37. g5 $18) 37... Ra4 38. Kg3 Ra3+ 39. f3 $1 {[%emt 0:00:05] White is more active.} Ra1 $2 (39... Kf6 $16) 40. a6 $2 (40. g5 $18 Ra2 41. f4) 40... Ra4 $2 ({Better is} 40... g5 $14) 41. Ra8 Kf6 42. Kf2 (42. a7 $1 $18 Kg7 43. g5) 42... Ra3 (42... Ra2+ $16 {keeps fighting.} 43. Kg3 g5) 43. f4 $2 (43. a7 $1 $18 {Ke2 would now be deadly.} Kg7 44. g5) 43... Kg7 $2 (43... h5 $11) 44. Ke2 Ra4 45. Ke3 Kf6 46. g5+ $1 hxg5 47. hxg5+ (47. fxg5+ $18 Kf5 48. a7) 47... Kf5 $11 48. Ra7 f6 49. gxf6 Kxf6 50. Ra8 Kf7 51. Kd3 $2 (51. f5 $11) 51... Kg7 $1 $18 {[%emt 0:00:45] [#]} 52. Kc3 $2 ({White has to play} 52. a7 $1 $18) 52... Rxf4 $11 53. Kb3 Rf1 54. Rd8 Ra1 55. Rd6 g5 56. Kb4 g4 57. Kb5 g3 $2 {[%emt 0:00:56] [#]} (57... Kf7 $11 {and Black has nothing to worry.}) 58. Rd3 $1 $18 Kf6 $2 (58... Rb1+ $18 59. Kc6 Rc1+ 60. Kb7 Rb1+ 61. Ka8 g2 62. Rg3+ Kf7) 59. Rxg3 {[%emt 0:00:15] White mates.} Ke6 60. Rd3 Rb1+ 61. Ka4 Rb6 62. Ka5 Rb1 63. Ra3 {[%emt 0:00:08] Weighted Error Value: White=0.44/Black=0.57  Loses game:     	---       	Black=4      Missed win:     	White=4     	---        Mistake:       	White=5     	Black=6      Inaccurate:     	White=4     	Black=3      OK:         	White=8     	Black=14     Best:        	White=5     	Black=4      Strong:       	White=3     	Black=1} 1-0

[Event "Silves Open 2025"]
[Site "Fissul"]
[Date "2025.03.07"]
[Round "9.17"]
[White "Boesel, Alexander"]
[Black "Esteves, Goncalo Maria Franco"]
[Result "1-0"]
[Annotator "TA"]
[ECO "C54"]
[WhiteElo "2046"]
[BlackElo "1962"]
[PlyCount "112"]
[EventDate "2025.03.03"]
[EventType "swiss"]
[EventCountry "POR"]
[SourceTitle "playchess.com"]
[Source "ChessBase"]
[SourceQuality "1"]
[TimeControl "5400+30"]

1. e4 e5 2. Nf3 Nc6 3. Bc4 Bc5 4. d3 Nf6 5. O-O a6 6. c3 d6 7. Bb3 {[%emt 0:00:30] 7.Re1 is the recent fashion.} Ba7 8. Nbd2 h6 {[%emt 0:00:30] C54: Giuoco Piano: 4 c3 Nf6, main lines with 5 d4 and 5 d3.} 9. Qe2 Be6 (9... O-O $11) 10. Nc4 ({Better is} 10. Bxe6 $14 fxe6 11. a3) 10... Bxc4 $146 {[%emt 0:00:30] The position is equal.} ({Predecessor:} 10... O-O 11. Bc2 Re8 12. Kh1 Qd7 13. Be3 Bxe3 14. Nxe3 d5 15. d4 exd4 16. e5 dxe3 17. exf6 {½-½ Paehtz,E (2457)-Ashton,A (2295) Monarch Assurance 16th 2007 (5)}) 11. dxc4 O-O 12. Nh4 Ne7 13. Qf3 Kh7 14. Bc2 Qd7 15. h3 Nfg8 16. Kh2 g5 17. Nf5 (17. Bxg5 $5 hxg5 18. Qh5+ Nh6 19. Nf5 Nexf5 20. exf5 $15) 17... c6 {[%emt 0:00:30] [#] Loses the game.} (17... Nxf5 $14 18. exf5 Nf6) 18. Bxg5 $1 $18 Nxf5 19. exf5 {[%emt 0:00:30] f6+ would kill now.} f6 (19... hxg5 20. Qh5+ Kg7 21. Qxg5+ Kh8 22. f6) 20. Be3 Bxe3 21. fxe3 Qf7 22. Bb3 (22. Rad1 $18) 22... Ne7 (22... a5 $16 23. a4 Ne7) 23. Rad1 Rad8 24. Rf2 Rd7 25. Rfd2 Rfd8 {[%emt 0:00:30] Black is weak on the light squares} 26. e4 Qe8 27. Rd3 Nc8 28. R1d2 Nb6 (28... Rg7 $142 29. c5 d5) 29. Qd1 Qe7 30. a3 a5 (30... c5 $142 31. Ba2 Nc8) 31. Ba2 a4 32. b4 c5 (32... axb3 33. Bxb3 (33. Qxb3 Nc8 $18) 33... c5) 33. Rg3 Rg8 34. Rxg8 Kxg8 35. Qh5 Qf8 36. Kh1 Kh7 37. Qg6+ Kh8 38. Rd3 Rh7 (38... Rc7 $142 39. b5 Nc8) 39. Rg3 Qf7 40. b5 Nc8 41. Bb1 $40 {[%emt 0:00:30][%cal Ba2b1,Bb1c2,Bc2a4,Ba4d1][%mdl 160] White goes for the king.} Ne7 42. Qxf7 Rxf7 {[%emt 0:00:30][%mdl 4096] Endgame KRB-KRN. White is a pawn up.} 43. Bc2 Rg7 (43... Rf8 {keeps fighting.} 44. Bxa4 Ra8) 44. Rd3 Nc8 45. Bxa4 b6 46. Bd1 Kg8 47. a4 Kf8 48. Kh2 Rd7 49. Rd2 Ra7 50. Kg3 Rg7+ 51. Kh4 Rg5 52. g4 Ke7 53. Ra2 d5 54. cxd5 {[%emt 0:00:30] White is clearly winning.} Nd6 55. a5 Nxb5 (55... Rg8 $142 56. axb6 Rb8) 56. axb6 {[%emt 0:00:30] aiming for b7.} Kd7 {[%emt 0:00:30] Weighted Error Value: White=0.15 (very precise) /Black=0.36  Mistake:       	White=2     	Black=9      Inaccurate:     	White=1     	Black=4      OK:         	White=24    	Black=10     Brilliant:      	White=1     	---} 1-0

[Event "Silves Open 2025"]
[Site "Fissul"]
[Date "2025.03.07"]
[Round "9.18"]
[White "Silva, Ana Ines Teixeira Da"]
[Black "Kuegel, Tobias"]
[Result "0-1"]
[Annotator "TA"]
[ECO "B13"]
[WhiteElo "1901"]
[BlackElo "2423"]
[PlyCount "94"]
[EventDate "2025.03.03"]
[EventType "swiss"]
[EventCountry "POR"]
[SourceTitle "playchess.com"]
[Source "ChessBase"]
[SourceQuality "1"]
[TimeControl "5400+30"]

1. e4 c6 2. d4 d5 3. exd5 cxd5 4. Bd3 Nc6 5. c3 Nf6 6. h3 e5 7. dxe5 Nxe5 8. Nf3 Nxd3+ {[%emt 0:00:02] B13: Caro-Kann: Exchange Variation and Panov-Botvinnik Attack.} 9. Qxd3 Bd6 $1 {[%emt 0:00:02] 9...Bd6 scores better than 9...Be7.} 10. O-O O-O {[%emt 0:00:03] The position is equal.} 11. Be3 Re8 12. Nbd2 h6 13. Rfe1 Ne4 14. Nd4 (14. Qxd5 $2 Bh2+ 15. Kxh2 Qxd5 $19) 14... a6 15. Rad1 Bd7 16. N2b3 $146 (16. N4b3 Nf6 17. Bd4 Rxe1+ 18. Rxe1 Bc6 19. Qf5 Ne4 20. Nxe4 dxe4 21. Nc5 g6 22. Qg4 h5 {0-1 Bernotas,A (2366)-Sargsyan,S (2637) Titled Tuesday intern op 27th Feb Late blitz 2024 (2)}) 16... Qc7 17. Ne2 Rad8 18. Nbd4 {[%emt 0:04:08] Prevents Bf5} Ba4 19. Rc1 Bd7 20. Red1 b5 21. a3 Bh2+ {[%emt 0:05:01] A strong pair of Bishops.} 22. Kh1 Be5 23. Nf3 $2 {[%emt 0:00:45] [#] This move loses the game for White.} (23. Kg1 $11 {and White has nothing to worry.}) 23... Bf5 $1 $19 {[%emt 0:00:14][%cal Oe4f2] and ...Nxf2+! should not be overlooked} 24. Kg1 Bh7 25. Nxe5 (25. Re1 {might work better.} Nxf2 26. Qd2) 25... Nxf2 26. Qd4 (26. Kxf2 Bxd3 27. Nxd3 Qe7) 26... Nxd1 (26... Rxe5 27. Bf4 (27. Kxf2 Rde8 $17) 27... Nxd1 28. Bxe5 $16) 27. Rxd1 Qxe5 28. Qxe5 Rxe5 29. Bb6 Rde8 30. Nf4 Re1+ 31. Rxe1 Rxe1+ {[%emt 0:00:04][%mdl 4096] Endgame KRB-KBN} 32. Kf2 Rb1 33. Nxd5 Rxb2+ 34. Kf3 Rd2 35. Nb4 Rd6 36. Bc5 Re6 37. Kf2 Be4 ({Not} 37... a5 38. Nd5) 38. Na2 Bxg2 39. Kxg2 (39. h4 $142) 39... Re2+ 40. Kf3 Rxa2 {[%emt 0:00:05] KR-KB} 41. Ke4 Rh2 42. Kd5 Rxh3 43. Bb4 g5 44. Kc6 g4 {[%emt 0:00:05] Black mates.} 45. Kb6 g3 46. Kxa6 g2 47. Bc5 Rxc3 {[%emt 0:00:04] Weighted Error Value: White=0.69/Black=0.07 (flawless)   Loses game:     	White=1     	---        Mistake:       	White=2     	---        Inaccurate:     	White=4     	Black=2      OK:         	White=10    	Black=13     Best:        	White=2     	Black=2      Strong:       	---       	Black=1} 0-1

[Event "Silves Open 2025"]
[Site "Fissul"]
[Date "2025.03.07"]
[Round "9.19"]
[White "Nguyen, Anh Khoi"]
[Black "Ryabukhina, Veronika"]
[Result "1-0"]
[Annotator "TA"]
[ECO "E01"]
[WhiteElo "2520"]
[BlackElo "1880"]
[PlyCount "43"]
[EventDate "2025.03.03"]
[EventType "swiss"]
[EventCountry "POR"]
[SourceTitle "playchess.com"]
[Source "ChessBase"]
[SourceQuality "1"]
[TimeControl "5400+30"]

1. c4 e6 2. g3 d5 3. Bg2 Nf6 4. Nf3 c6 5. d4 Bd6 6. O-O O-O 7. Qc2 b6 8. Nbd2 Bb7 9. e4 dxe4 10. Nxe4 Nxe4 11. Qxe4 Nd7 12. Rd1 $1 {[%emt 0:00:30][%cal Bf1d1,Bd1e1,Be1e5][%mdl 32] 12.Rd1 scores better than 12.Ne5.} Qc7 {[%emt 0:00:30] E01: Catalan: Early deviations.} 13. Qc2 Rfe8 14. Ng5 (14. c5 {looks sharper.} bxc5 15. Ng5 g6 16. dxc5 Bxc5 17. b4) 14... f5 $146 ({Black should try} 14... Nf6 $14) (14... Nf6 15. c5 Bf8 16. Bf4 Qd7 17. Be5 h6 18. Bxf6 hxg5 19. Bxg5 Be7 20. Bxe7 Qxe7 21. cxb6 axb6 {½-½ Kormann,W (2167)-Steininger,F (2060) Steyr Landesliga 1920 2019 (8.5)}) 15. Re1 $18 Nf8 16. c5 bxc5 17. dxc5 Be5 18. Qc4 {[%emt 0:00:30] White is more active.} (18. Nf3 $142 Bf6 19. Bf4) 18... Kh8 $2 {[%emt 0:00:30][%mdl 8192] [#]} (18... a5 $16) 19. Rxe5 $1 {[%emt 0:00:30] White is clearly winning.} h6 20. Nf3 ({Not} 20. Nxe6 Qxe5 21. Nxf8 Qe1+ 22. Bf1 Rxf8 $15) 20... Ng6 21. Rxe6 Rxe6 22. Qxe6 {[%emt 0:00:30] Weighted Error Value: White=0.06 (flawless) /Black=1.08  Loses game:     	---       	Black=1      Mistake:       	White=1     	Black=1      OK:         	White=2     	Black=4      Best:        	White=2     	---        Brilliant:      	White=1     	---} 1-0

[Event "Silves Open 2025"]
[Site "Fissul"]
[Date "2025.03.07"]
[Round "9.21"]
[White "Van Ginkel, Henk"]
[Black "Esteves, Goncalo Maria Franco"]
[Result "0-1"]
[Annotator "TA"]
[ECO "A83"]
[WhiteElo "1811"]
[BlackElo "1962"]
[PlyCount "85"]
[EventDate "2025.03.03"]
[EventType "swiss"]
[EventCountry "POR"]
[SourceTitle "playchess.com"]
[Source "ChessBase"]
[SourceQuality "1"]
[TimeControl "5400+30"]

1. d4 f5 2. Nc3 Nf6 3. Bg5 e6 4. e4 fxe4 5. Nxe4 Be7 6. Bxf6 Bxf6 7. Nxf6+ {[%emt 0:10:41] A83: Dutch Defence: Staunton Gambit with 3 Nc3 Nf6 4 Bg5.} (7. c3 $14) 7... Qxf6 $11 8. Bd3 O-O {[%emt 0:03:01][%csl Gf8][%cal Rf6f2] [#]} 9. Qf3 $146 {[%emt 0:03:00] White has an edge.} (9. Nf3 Nc6 10. c3 d6 11. O-O e5 12. dxe5 Nxe5 13. Nxe5 Qxe5 14. Re1 Qf4 15. Qc2 Bf5 16. Bxf5 Qxf5 17. Qxf5 Rxf5 {1-0 Truskavetsky,A (2348)-Kazmaier,D (2180) Titled Tuesday intern op 12th Mar Late blitz 2024 (8)}) 9... Qh4 (9... Nc6 {simplifies} 10. Qxf6 Rxf6 11. Ne2 d6) 10. Qe3 c5 11. Nf3 cxd4 12. Qxd4 {[%emt 0:07:46] A sharp opening} (12. Nxd4 {looks sharper.} Nc6 13. Nxc6 bxc6 14. O-O) 12... Qxd4 13. Nxd4 d5 14. Nb5 Nc6 15. O-O a6 16. Nd6 Rd8 17. Nxc8 Raxc8 18. c3 e5 19. Bf5 {[%emt 0:03:00] Hoping for Be6+.} Rc7 20. Be6+ Kf8 21. Rad1 d4 22. c4 (22. cxd4 $11 Rxd4 23. Bf5) 22... g6 $15 23. a3 {[%emt 0:01:09] Dodges Nb4} (23. Rfe1 $15) 23... Re8 (23... Na5 $17 24. f4 Nxc4 25. fxe5+ Kg7 26. Bxc4 Rxc4) 24. Bd5 $11 Rd7 25. Bxc6 (25. Rfe1 $14) 25... bxc6 $14 {[%emt 0:00:10][%mdl 4096] Endgame KRR-KRR} 26. f3 Ke7 27. Rfe1 Kf6 28. Kf2 g5 (28... Rb8 $17 29. b4 a5 30. bxa5 Ra8) 29. h3 {[%emt 0:01:46] [#]} (29. Re4 $11) 29... Rb8 (29... a5 $1 $17 30. Rd2 Rb7 31. Rxd4 Rxb2+ (31... exd4 $2 32. Rxe8 Rxb2+ 33. Kf1 $19) 32. Kf1 exd4 33. Rxe8 Rc2) 30. Re2 ({Better is} 30. b4 $15) 30... Rdb7 ({Black should play} 30... Rb3 $17 {Strongly threatening ...Rdb7.} 31. Rde1 Re7) 31. Rdd2 $2 {[%emt 0:01:33] White does not recover from this.} (31. b4 $11) 31... Rb3 $19 32. g3 (32. h4 {was called for.} h6 (32... gxh4 33. f4 $17) 33. h5) 32... Kf5 33. g4+ Kf6 34. Ke1 $2 (34. Kg3) 34... Rxf3 {[%emt 0:00:24] Black is clearly winning.} 35. Rf2 Rbb3 36. a4 Rbe3+ 37. Rde2 Rxf2 38. Kxf2 Rxh3 {[%emt 0:00:32] KR-KR. Black is two pawns up.} 39. b4 (39. Kg2 $142 Rb3 40. Kf2) 39... Rb3 40. b5 axb5 41. cxb5 cxb5 42. axb5 Rxb5 43. Kf3 {[%emt 0:00:08] Weighted Error Value: White=0.91/Black=0.41  Loses game:     	White=1     	---        Mistake:       	White=7     	Black=4      Inaccurate:     	White=3     	Black=3      OK:         	White=7     	Black=12     Best:        	White=1     	Black=3} 0-1